 Dungeon Crawl Stone Soup version 0.23.2-1-ga50397a (webtiles) character file.

Game seed: 2401246829999315687

113 MalarOregon the Ruffian (level 4, -3/38 HPs)
             Began as a Ghoul Warper on May 28, 2019.
             Slain by a worm (11 damage)
             ... on level 2 of the Dungeon.
             The game lasted 00:03:24 (2345 turns).

MalarOregon the Ruffian (Ghoul Warper)              Turns: 2345, Time: 00:03:25

Health: -3/38      AC:  3    Str: 14    XL:     4   Next: 96%
Magic:  5/5        EV: 11    Int:  9    God:
Gold:   135        SH:  3    Dex:  8    Spells: 6/6 levels left

rFire    . . .     SeeInvis .     - Unarmed
rCold    + . .     Gourm    .   t - +0 buckler
rNeg     + + +     Faith    .   a - +0 leather armour
rPois    ∞         Spirit   .   (no helmet)
rElec    .         Reflect  .   (no cloak)
rCorr    .         Harm     .   (no gloves)
MR       .....                  (no boots)
Stlth    +.........             (no amulet)
HPRegen  0.00/turn              (no ring)
MPRegen  0.09/turn              (no ring)

@: rotting
A: rotting body, claws 1, carnivore, cold resistance 1, negative energy
resistance 3, inhibited regeneration, torment resistance, unbreathing
a: no special abilities


You were on level 2 of the Dungeon.
You were not hungry.

You visited 1 branch of the dungeon, and saw 3 of its levels.

You collected 135 gold pieces.

Inventory:

Missiles
 d - 5 tomahawks of dispersal (quivered) {!f}
Armour
 a - a +0 leather armour (worn)
 t - a +0 buckler (worn)
   (You found it on level 2 of the Dungeon)
Jewellery
 b - a +3 ring of protection {unknown}
   (You found it on level 2 of the Dungeon)
 f - an uncursed amulet of the acrobat {unknown}
   (You found it on level 1 of the Dungeon)
 k - an uncursed amulet of magic regeneration {unknown}
   (You found it on level 1 of the Dungeon)
 o - an uncursed amulet of regeneration {unknown}
   (You found it on level 2 of the Dungeon)
Scrolls
 c - a scroll of blinking
 h - a scroll of enchant armour {unknown}
 i - a scroll of magic mapping {unknown}
 j - a scroll of remove curse {unknown}
 l - 2 scrolls of identify {unknown}
 n - a scroll of teleportation {unknown}
 p - 2 scrolls of immolation {unknown}
 r - a scroll of amnesia {unknown}
Potions
 g - 3 potions of curing {unknown}
 m - a potion of agility {unknown}
 q - 2 potions of heal wounds {unknown}
 u - 2 potions of flight {unknown}
 v - a potion of brilliance {unknown}
Comestibles
 e - 6 rations {!d}


   Skills:
 + Level 3.2 Fighting
 - Level 0.8 Throwing
 + Level 2.0 Armour
 + Level 2.6 Dodging
 + Level 0.4 Shields
 + Level 3.3 Unarmed Combat
 - Level 1.7 Spellcasting
   Level 2.6 Translocations


You had 6 spell levels left.
You didn't know any spells.
Your spell library contained the following spells:

 Spells                   Type           Power        Failure   Level  Hunger
 Blink                    Tloc           N/A          34%         2    ###....
 Shroud of Golubria       Chrm/Tloc      #.........   52%         2    ###....
 Gell's Gravitas          Tloc           #.........   56%         3    ####...
 Lesser Beckoning         Tloc           #.........   56%         3    ####...
 Teleport Other           Tloc           #.......     56%         3    ####...
 Passage of Golubria      Tloc           N/A          92%         4    #####..


Dungeon Overview and Level Annotations

Branches:
Dungeon (3/15)

Altars:


Innate Abilities, Weirdness & Mutations

Your body is rotting away.
You thrive on raw meat.
You are immune to poison.
You have sharp fingernails.
You are carnivorous and can eat meat at any time.
Your flesh is cold resistant. (rC+)
You are immune to negative energy. (rN+++)
You do not regenerate when monsters are visible.
You are immune to unholy pain and torment.
You can survive without breathing.


Message History

You claw the rat!
You kill the rat!
The gnoll misses you. The worm bites you!
* * * LOW HITPOINT WARNING * * *
The worm bites you.
* * * LOW HITPOINT WARNING * * *
Items here: )) ÷÷ a +0 flail; a +0 club; a gnoll skeleton; a goblin skeleton Unknown command.
The crimson imp sputters.
Eat one of 6 chunks of flesh? (ye/n/q)
You eat one of the 6 chunks of flesh.
This raw flesh tastes great!
The gnoll closely misses you.
Eat one of 5 chunks of flesh? (ye/n/q)
You eat one of the 5 chunks of flesh.
This raw flesh tastes great!
The gnoll hits you but does no damage.
Eat one of 4 chunks of flesh? (ye/n/q)
You eat one of the 4 chunks of flesh.
This raw flesh tastes great!
The gnoll hits you with a +0 whip!
* * * LOW HITPOINT WARNING * * *
Eat one of 3 chunks of flesh? (ye/n/q)
You eat one of the 3 chunks of flesh.
This raw flesh tastes great!
The crimson imp blinks!
The gnoll closely misses you.
Eat one of 2 chunks of flesh? (ye/n/q)
You eat one of the 2 chunks of flesh.
This raw flesh tastes great!
The gnoll hits you with a +0 whip.
* * * LOW HITPOINT WARNING * * *
Eat a chunk of flesh? (ye/n/q)
You eat the chunk of flesh.
This raw flesh tastes great!
The gnoll misses you.
You claw the gnoll! The gnoll hits you with a +0 whip.
You closely miss the gnoll. The gnoll hits you with a +0 whip.
* * * LOW HITPOINT WARNING * * *
You claw the gnoll!
You kill the gnoll!
The crimson imp blinks!
Unknown command.
You completely miss the worm.
Okay, then.
You scratch the worm. The worm bites you.
* * * LOW HITPOINT WARNING * * *
You scratch the worm. You claw the worm! The worm barely misses you.
You scratch the worm.
You kill the worm!
Your shield and leather armour prevent you from hitting the worm.
You scratch the worm. The worm bites you.
* * * LOW HITPOINT WARNING * * *
You claw the worm! You scratch the worm.
The crimson imp blinks!
The worm bites you!
You die...

#..#.........w...####...##.#.####
#..#..#.###...........(..........
#..#..#.# ##...............#.####
#..#..#.# #.###.#####).####.#
...#..#.# #.# #.# #..# #.#
##.#..#.# #.# #.# #.## #.#
###..#.# #.# #§# #.# #.# #....#
#.# #w# #.# #.# #..### #.# #@#
#.# #.# #..# #.###5#####.#####.#
#<.######.................#
#.........###.............####
#..######.# #######<..........
##.# #.# ######..#### ### ###
####


You could see a worm and a crimson imp.

Vanquished Creatures
  2 gnolls (D:2)
  An adder (D:2)
  3 worms (D:2)
  5 dart slugs
  2 leopard geckos (D:2)
  3 orcs (D:2)
  5 bats
  3 giant cockroaches
  7 goblins
  8 hobgoblins
  5 jackals (D:2)
  6 kobolds
  2 frilled lizards (D:1)
  5 rats
57 creatures vanquished.

Notes
Turn   | Place    | Note
-------+----------+-------------------------------------------
     0 | D:1      | MalarOregon the Ghoul Warper began the quest for the Orb.
     0 | D:1      | Reached XP level 1. HP: 17/17 MP: 2/2
    79 | D:1      | Reached skill level 1 in Armour
   133 | D:1      | Reached XP level 2. HP: 25/25 MP: 3/3
   484 | D:1      | Reached XP level 3. HP: 26/30 MP: 4/4
   959 | D:2      | Reached XP level 4. HP: 21/37 MP: 5/5
  2345 | D:2      | Slain by a worm

Skill      XL: |  1  2  3  4 |
---------------+-------------+-----
Armour         | 1 2 |  2.0
Dodging        | 2 |  2.6
Unarmed Combat | 3 |  3.3
Fighting       | 3 |  3.2
Throwing       | |  0.8
Shields        | |  0.4
Spellcasting   | |  1.7
Translocations | |  2.6

Action                   |  1- 3 |  4- 6 || total
-------------------------+-------+-------++-------
Melee: Unarmed           |   104 |   127 ||   231
  Eat: Chunk             |     5 |    13 ||    18
       Ration            |       |     1 ||     1
Armor: Leather armour    |    22 |    41 ||    63
Dodge: Dodged            |    60 |   109 ||   169
Block: Buckler           |       |     5 ||     5
